 Dungeon Crawl Stone Soup version 0.29.1-2-gbd0b4ee654 (webtiles) character file.

Game seed: 10667106663359169423

6106 croobank the Conjurer (level 10, -4/77 HPs)
             Began as a Demonspawn Conjurer on Nov 1, 2022.
             Was an Initiate of Gozag.
             Slain by a centaur warrior (7 damage)
             ... on level 9 of the Dungeon on Nov 2, 2022.
             The game lasted 01:23:37 (15255 turns).

croobank the Conjurer (Demonspawn Conjurer)        Turns: 15255, Time: 01:23:38

Health: -4/77      AC: 12    Str:  7    XL:     10   Next: 58%
Magic:  14/19      EV: 13    Int: 24    God:    Gozag
Gold:   218        SH:  0    Dex: 12    Spells: 12/21 levels left

rFire   + . .      SeeInvis +   N - +0 broad axe
rCold   + . .      Faith    .   C - +0 buckler
rNeg    . . .      Spirit   .   V - +0 steam dragon scales
rPois   +          Reflect  .   (no helmet)
rElec   +          Harm     .   g - +2 cloak {rCorr}
rCorr   +          Rampage  .   e - +0 pair of gloves
Will    .....                   b - +2 pair of boots
Stlth   +.........              (no amulet)
HPRegen 0.22/turn               d - ring of poison resistance
MPRegen 0.16/turn               H - ring of see invisible

@: confused, about to teleport, resistant, ambrosia-drunk, gold aura, hasted and
slowed
A: claws 1, demonic guardian 2, demonic magic 1
a: Renounce Religion, Potion Petition, Call Merchant, Bribe Branch


You were on level 9 of the Dungeon.
You worshipped Gozag.
Gozag was aware of your devotion.
You visited 3 branches of the dungeon, and saw 11 of its levels.
You also visited: Bailey.

You collected 514 gold pieces.
You spent 129 gold pieces at shops.
You paid 167 gold pieces to Gozag.

Inventory:

Hand Weapons
 q - a +2 vampiric whip
 s - a +0 dire flail
 t - a +0 short sword
 u - a +0 quarterstaff
 x - a +2 dagger of draining
 z - a +1 dagger of venom
 I - a +2 whip of electrocution
 N - a +0 broad axe (weapon)
 P - a +3 dagger of venom
 Q - a +5 dagger
 T - a +3 scimitar of freezing
Missiles
 v - 9 curare-tipped darts
Armour
 b - a +2 pair of boots (worn)
 e - a +0 pair of gloves (worn)
 g - a +2 cloak of preservation (worn)
 o - a +0 ring mail
 p - a +1 robe of willpower
 B - a +0 leather armour of poison resistance
 C - a +0 buckler (worn)
 V - +0 steam dragon scales (worn)
Magical Staves
 G - a staff of air
 J - a staff of cold
 U - a staff of earth
Jewellery
 d - a ring of poison resistance (left hand)
 k - a ring of resist corrosion
 n - a ring of ice
 y - a ring of willpower
 H - a ring of see invisible (right hand)
 O - an amulet of the acrobat
 X - a +6 ring of dexterity
Wands
 D - a wand of flame (53)
 W - a wand of polymorph (7)
 Z - a wand of mindburst (7)
Scrolls
 f - a scroll of poison
 h - 2 scrolls of teleportation
 j - a scroll of noise
 r - 3 scrolls of identify
 w - 2 scrolls of vulnerability
 F - a scroll of fog
 K - a scroll of enchant armour
 L - a scroll of amnesia
 R - a scroll of immolation
Potions
 l - a potion of resistance
 E - 2 potions of curing
 S - 2 potions of flight
 Y - a potion of mutation


   Skills:
 * Level 6.7 Fighting
 + Level 6.3 Dodging
 - Level 4.7 Stealth
 + Level 6.3 Spellcasting
 + Level 7.7 Conjurations
 + Level 4.8 Hexes
 + Level 4.6 Summonings
 + Level 2.8 Air Magic


You had 12 spell levels left.
You knew the following spells:

 Your Spells              Type           Power      Damage    Failure   Level
a - Magic Dart            Conj           100%       1d8       1%          1
b - Searing Ray           Conj           88%        2d7       1%          2
c - Dazzling Flash        Conj/Hex       74%        N/A       2%          3
d - Tukima's Dance        Hex            30%        N/A       4%          3

Your spell library contained the following spells:

 Spells                   Type           Power      Damage    Failure   Level
 Summon Small Mammal      Summ           100%       N/A       1%          1
 Call Imp                 Summ           29%        N/A       2%          2
 Ensorcelled Hibernation  Hex/Ice        38%        N/A       6%          2
 Conjure Flame            Conj/Fire      26%        6-21      6%          3
 Mephitic Cloud           Conj/Pois/Air  24%        N/A       8%          3
 Fulminant Prism          Conj/Hex       18%        3d11      8%          4
 Apportation              Tloc           14%        N/A       11%         1
 Necrotise                Necr           28%        1d5       11%         1
 Iskenderun's Mystic Bla  Conj/Tloc      26%        2d7       22%         4
 Sticky Flame             Conj/Fire      26%        2d5       22%         4
 Summon Lightning Spire   Summ/Air       25%        N/A       22%         4
 Ignite Poison            Fire/Tmut/Pois 7%         N/A       32%         3
 Spider Form              Tmut/Pois      7%         N/A       32%         3
 Vampiric Draining        Necr           7%         2d6       32%         3
 Anguish                  Hex/Necr       9%         N/A       36%         4
 Summon Mana Viper        Hex/Summ       30%        N/A       38%         5
 Dispel Undead            Necr           7%         3d8       71%         4
 Passage of Golubria      Tloc           7%         N/A       71%         4
 Yara's Violent Unravell  Hex/Tmut       9%         3d6       71%         5
 Agony                    Necr           7%         N/A       96%         5
 Spellforged Servitor     Conj/Summ      18%        N/A       100%        7


Dungeon Overview and Level Annotations

Branches:
Dungeon (9/15)             Temple (1/1) D:7            Lair (1/5) D:8
 Bailey (visited)
    Orc: D:9-12

Altars:
Ashenzari
Fedhas
Gozag
Kikubaaqudgha
Makhleb
Okawaru
Ru
Sif Muna
Uskayaw
Vehumet
Xom
Yredelemnul

Shops:
D:3 *!(   D:5 ([?[   D:6 *   D:8 *


Innate Abilities, Weirdness & Mutations

You have sharp fingernails.
A demonic guardian rushes to your aid.
Spells you cast may paralyse adjacent enemies.


Message History

The wraith hits you.
* * * LOW HITPOINT WARNING * * *
The wraith drains your vigour!
You feel yourself slow down. The killer bee closely misses you.
The centaur warrior barely misses you. The centaur warrior kicks you.
* * * LOW HITPOINT WARNING * * *
Your ice devil hits the wraith but does no damage.
Okay, then.
As you read the scroll of teleportation, it crumbles to dust.
You feel strangely unstable.
The killer bee stings you but does no damage.
The centaur warrior hits you but does no damage.
The centaur warrior barely misses you. The wraith closely misses you.
The killer bee closely misses you. The centaur warrior hits you!
* * * LOW HITPOINT WARNING * * *
You block the centaur warrior's attack.
Your ice devil hits the wraith.
Your ice devil freezes the wraith.
The wraith resists.
Casting: Searing Ray (safe; 1% risk of failure)
Confirm with . or Enter, or press ? or * to list all spells.
Casting: Dazzling Flash (mildly dangerous; 2% risk of failure)
Press: ? - help, Dir - look around, f - activate Really dazzle near your ice devil?
Your demonic guardian avoids your attack.
The centaur warrior is dazzled.
Malevolent energies surge around you.
The killer bee suddenly stops moving!
The wraith hits your ice devil but does no damage.
The centaur warrior hits you.
* * * LOW HITPOINT WARNING * * *
The centaur warrior closely misses you.
Your ice devil closely misses the wraith.
You are confused.
You feel invigorated. The centaur warrior hits you!
* * * LOW HITPOINT WARNING * * *
The centaur warrior kicks you but does no damage.
The wraith hits your ice devil.
The wraith drains your ice devil's vigour!
Your ice devil seems to slow down.
The centaur warrior hits you!
You die...
Your body crumbles into a pile of gold.

# ### # .. # .. # .# #
..# . # #..#...
#########
#######$......
#.....#..##.....@W$.#
......#.........cy4.#
.<....#.......###.###
.[....#.......#.....
.[....#.......#..8..#
.)[[..#.........888...
#[..###..##...#..8..#..
#...####+##...#.....#$.
'....#...#....###.##


You could see a centaur warrior (blind), a wraith (distracted, ally target), a
killer bee (paralysed) and a friendly ice devil (summoned, slow).

Vanquished Creatures
  Maurice (D:9)
  Grinder (D:4)
  2 steam dragons (D:8)
  5 water moccasins
  5 orc warriors
  2 ice beasts
  A sky beast (D:7)
  An ogre (D:5)
  6 centaurs
  2 necrophages
  5 bullfrogs
  8 scorpions
  4 wights (D:7)
  6 killer bees (D:8)
  An electric eel (Bailey)
  5 howler monkeys
  4 hounds
  2 jellies
  4 orc priests
  6 iguanas
  16 orc wizards
  Natasha (thrice) (D:3)
  19 gnolls
  3 river rats (D:5)
  14 adders
  A shadow imp (D:6)
  An ufetubus (D:7)
  3 worms
  3 dart slugs
  37 orcs
  8 ball pythons
  4 bats
  4 endoplasms
  5 giant cockroaches
  13 goblins
  12 hobgoblins
  7 jackals
  3 quokkas
  5 frilled lizards
  4 kobolds
  7 rats
243 creatures vanquished.

Vanquished Creatures (collateral kills)
  A wyvern (D:8)
  A steam dragon (D:7)
  A water moccasin (D:7)
  A sky beast (D:7)
  An iguana (D:5)
  A river rat (D:5)
6 creatures vanquished.

Vanquished Creatures (others)
  6 fungi (D:8)
  14 plants
20 creatures vanquished.

Grand Total: 269 creatures vanquished

Notes
Turn   | Place    | Note
-------+----------+-------------------------------------------
     0 | D:1      | croobank the Demonspawn Conjurer began the quest for the
                  | Orb.
     0 | D:1      | Reached XP level 1. HP: 13/13 MP: 3/3
   322 | D:1      | Gained mutation: Spells you cast may paralyse adjacent
                  | enemies. [demonic ancestry]
   322 | D:1      | Reached XP level 2. HP: 15/19 MP: 0/5
   726 | D:1      | Learned a level 2 spell: Searing Ray
  1292 | D:2      | Reached XP level 3. HP: 11/24 MP: 0/6
  2323 | D:2      | Reached XP level 4. HP: 22/30 MP: 1/7
  3040 | D:3      | Got Xoezes's Incunable of the Commander and Malignant
                  | Liturgies
  3068 | D:3      | Found Bihoneg's General Store.
  3073 | D:3      | Noticed Natasha
  3087 | D:3      | Killed Natasha
  3088 | D:3      | Reached XP level 5. HP: 13/35 MP: 4/9
  3254 | D:3      | Bought a scroll of identify for 24 gold pieces
  3296 | D:3      | Found Pianim's Weapon Shoppe.
  3347 | D:3      | Found a faded altar of an unknown god.
  3531 | D:3      | Found a sacrificial altar of Ru.
  3771 | D:3      | Found Nenogg Ises's Distillery.
  4111 | D:3      | Noticed Natasha
  4114 | D:3      | Killed Natasha
  4443 | D:3      | Noticed Natasha
  4449 | D:3      | Killed Natasha
  4450 | D:3      | Reached skill level 5 in Conjurations
  4532 | D:4      | Reached XP level 6. HP: 41/41 MP: 5/11
  4681 | D:4      | Noticed Grinder
  4869 | D:4      | Paralysed by Grinder for 2 turns
  4872 | D:4      | Paralysed by Grinder for 4 turns
  4884 | D:4      | Paralysed by Grinder for 2 turns
  4907 | D:4      | Killed Grinder
  5203 | D:4      | Reached XP level 7. HP: 46/46 MP: 6/12
  5668 | D:4      | Found an ancient bone altar of Kikubaaqudgha.
  5723 | D:4      | Found a shimmering blue altar of Sif Muna.
  5780 | D:4      | Found a radiant altar of Vehumet.
  6049 | D:4      | Got Vehumet's Spellbook of Striking
  6627 | D:5      | Entered Level 5 of the Dungeon
  6627 | D:5      | Found Leomugon's Antique Armour Boutique.
  6721 | D:5      | Reached skill level 6 in Conjurations
  6790 | D:5      | Gained mutation: A weak demonic guardian rushes to your
                  | aid. [demonic ancestry]
  6790 | D:5      | Reached XP level 8. HP: 53/53 MP: 5/14
  6956 | D:5      | Reached skill level 1 in Fighting
  7162 | D:5      | Reached skill level 1 in Hexes
  7162 | D:5      | Reached skill level 1 in Summonings
  7398 | D:5      | Found Jocrygeng's Antique Weapon Boutique.
  7736 | D:5      | Found Nefresub's Magic Scroll Shop.
  7743 | D:5      | Bought a scroll of blinking for 105 gold pieces
  8229 | D:5      | Found Bupek's Antique Armour Boutique.
  8344 | D:5      | Reached skill level 5 in Dodging
  8344 | D:5      | Reached skill level 5 in Spellcasting
  9448 | D:6      | Gained mutation: A demonic guardian rushes to your aid.
                  | [demonic ancestry]
  9448 | D:6      | Reached XP level 9. HP: 65/65 MP: 9/16
 10072 | D:6      | Found Futomokk's Blasphemy Boutique.
 10942 | D:7      | Reached skill level 7 in Conjurations
 11062 | D:7      | Found a flagged portal.
 11072 | Bailey   | Entered a bailey
 11135 | Bailey   | Learned a level 3 spell: Dazzling Flash
 11169 | Bailey   | Reached skill level 5 in Fighting
 11445 | Bailey   | Reached skill level 1 in Air Magic
 11665 | Bailey   | Learned a level 3 spell: Tukima's Dance
 11809 | Bailey   | Noticed an orc knight
 12421 | D:7      | Found a staircase to the Ecumenical Temple.
 12428 | Temple   | Entered the Ecumenical Temple
 13006 | D:7      | Found a shimmering altar of Xom.
 13008 | D:7      | Found a shimmering altar of Xom.
 13008 | D:7      | Found a shimmering altar of Xom.
 13011 | D:7      | Found a basalt altar of Yredelemnul.
 13075 | D:7      | Gained mutation: You have sharp fingernails. [demonic
                  | ancestry]
 13075 | D:7      | Reached XP level 10. HP: 35/76 MP: 9/18
 13456 | D:8      | Found a staircase to the Lair.
 13828 | Lair:1   | Entered Level 1 of the Lair of Beasts
 14682 | D:8      | Found an opulent altar of Gozag.
 14683 | D:8      | Found Gozag's Platinum Reserve.
 14695 | D:8      | Became a worshipper of Gozag Ym Sagoz the Greedy
 14803 | D:9      | Noticed Maurice
 15038 | D:9      | Killed Maurice
 15240 | D:9      | Noticed a centaur warrior
 15255 | D:9      | HP: 3/77 [centaur warrior (10)]
 15255 | D:9      | Slain by a centaur warrior

Illustrated notes

Levels and vault maps discovered:
D:1:      scummos_arrival_hexagon, layout_loops_ring
D:2:      layout_loops_corners, serial_glass, glass_columns_b, glass_columns_c
D:3:      layout_loops_ring, nicolae_ru_great_annihilating_truth,
          shapermc_ecumenical_altar_pompeii, serial_shops,
          nicolae_shop_competitors_out_of_business, nicolae_shop_crystal,
          nicolae_shop_bloodbath_and_beyond, minivault_4, minmay_misc_feat_iff,
          kennysheep_generic_room_4, uniq_natasha
D:4:      layout_rooms, palyth_temple_overflow_mages, uniq_grinder
D:5:      layout_loops_ring, serial_shops, nicolae_shop_waterfront, shop, shop,
          nicolae_shop_overgrown_old_shop, portal_sewer_entry_e,
          serial_bayou_lagoon_a
D:6:      layout_loops_ring, minmay_crystal_water, serial_bayou_pond_b,
          nicolae_evil_shop
D:7:      kennysheep_six_static_rooms, layout_basic, doesnt_xom_only_xom,
          minmay_temple_entry_junction, enter_bailey_2
D:8:      layout_basic, nicolae_gozag_zags_fifth_avenue, dpeg_oklobed_lair
D:9:      layout_gridville, minmay_chambers_of_fives, uniq_maurice
Temple:   nicolae_temple_stand_before_the_council
Lair:1:   layout_misc_corridors, small_statue_intersection,
          infiniplex_staircase_pool_2

Skill      XL: |  1  2  3  4  5  6  7  8  9 10 |
---------------+-------------------------------+-----
Stealth        | 2 3 4 |  4.7
Dodging        | 2 3 4 5 6 |  6.3
Spellcasting   | 3 4 5 6 |  6.3
Conjurations   | 5 6 7 |  7.7
Fighting       | 3 5 6 |  6.7
Hexes          | 2 4 |  4.8
Summonings     | 2 3 4 |  4.6
Air Magic      | 1 2 |  2.8

Action                   |  1- 3 |  4- 6 |  7- 9 | 10-12 || total
-------------------------+-------+-------+-------+-------++-------
Melee: Dagger            |     7 |       |       |       ||     7
       Mace              |    17 |       |       |       ||    17
       Quarterstaff      |    16 |       |       |       ||    16
       Whip              |       |   122 |   149 |       ||   271
       Scimitar          |       |       |     2 |    58 ||    60
       Broad axe         |       |       |       |     5 ||     5
 Cast: Magic Dart        |    33 |    13 |   127 |    26 ||   199
       Searing Ray       |     8 |    24 |    96 |    32 ||   160
       Dazzling Flash    |       |       |     3 |     2 ||     5
  Use: Scroll            |     8 |       |     7 |     5 ||    20
       Potion            |       |     3 |       |     5 ||     8
 Stab: Sleeping          |     3 |     7 |     1 |       ||    11
       Paralysed         |     1 |     2 |    14 |     3 ||    20
Armor: Robe              |    15 |    24 |    45 |       ||    84
       Skin              |       |     4 |       |       ||     4
       Leather armour    |       |       |    53 |     1 ||    54
       Steam dragon scal |       |       |       |    84 ||    84
Dodge: Dodged            |    32 |    90 |   144 |   148 ||   414
Block: Buckler           |       |       |    14 |    27 ||    41
